 Dungeon Crawl Stone Soup version 0.19.4-8-ga85b6b9 (webtiles) character file.

37 sveltemanboy the Insei (level 3, -1/18 HPs)
             Began as a Vine Stalker Transmuter on Feb 14, 2017.
             Slain by Terence
             ... wielding a +0 falchion
              (6 damage)
             ... on level 2 of the Dungeon.
             The game lasted 00:02:28 (1025 turns).

sveltemanboy the Insei (Vine Stalker Transmuter)    Turns: 1025, Time: 00:02:28

Health: -1/18      AC:  3    Str: 12    XL:     3   Next: 41%
Magic:  0/7        EV: 12    Int: 14    God:
Gold:   80         SH:  0    Dex: 14    Spells: 2 memorised, 3 levels left

rFire  . . .     SeeInvis .       - Unarmed
rCold  . . .     Gourm    .     b - +0 robe
rNeg   . . .     Faith    .     (no shield)
rPois  .         Spirit   +     (no helmet)
rElec  .         Reflect  .     (no cloak)
rCorr  .         Harm     .     (no gloves)
MR     .....                    l - +0 pair of boots
Stlth  +.........               (no amulet)
                                (no ring)
                                (no ring)

@: appendage
A: fangs 2, horns 2, magic shield, antimagic bite, no device heal 3, rot
immunity
a: End Transformation


You were on level 2 of the Dungeon.
You were hungry.
You had grown temporary horns.
You visited 1 branch of the dungeon, and saw 2 of its levels.

You collected 80 gold pieces.

Inventory:

Missiles
 a - 29 arrows
Armour
 b - a +0 robe (worn)
 l - a +0 pair of boots (worn)
Scrolls
 f - a scroll of fog {unknown}
 g - a scroll of enchant weapon {unknown}
 h - 2 scrolls of identify {unknown}
 k - a scroll of immolation {unknown}
Potions
 e - a potion of berserk rage {unknown}
 j - a potion of heal wounds {unknown}
Books
 c - a book of Changes

   Spells                             Type                      Level
   a - Beastly Appendage              Transmutation                1
   b - Sticks to Snakes               Transmutation                2
   c - Spider Form                    Transmutation/Poison         3
   d - Ice Form                       Ice/Transmutation            4
   e - Blade Hands                    Transmutation                5
Comestibles
 d - a bread ration
 i - 3 chunks of flesh


   Skills:
 - Level 1.0 Fighting
 + Level 0.0 Armour
 - Level 2.0 Dodging
 + Level 3.3 Unarmed Combat
 - Level 2.1 Spellcasting
 + Level 2.9 Transmutations


You had 3 spell levels left.
You knew the following spells:

 Your Spells              Type           Power        Failure   Level  Hunger
a - Beastly Appendage     Tmut           #.....       10%         1    #......
b - Sticks to Snakes      Tmut           #.......     14%         2    ###....


Dungeon Overview and Level Annotations

Branches:
Dungeon (2/15)

Altars:

Annotations:
D:2 Terence


Innate Abilities, Weirdness & Mutations

You have extremely sharp teeth.
When hurt, damage is shared between your health and your magic reserves.
Your bite disrupts and absorbs the magic of your enemies.
Potions and wands cannot restore your health.
You are immune to rotting.
You have a pair of horns on your head.


Message History

Terence is moderately wounded.
Your ball python bites Terence but does no damage.
Terence hits you but does no damage.
Your ball python bites Terence but does no damage.
Your ball python constricts Terence.
Your ball python bites Terence but does no damage.
You hit Terence but do no damage. You bite Terence, but do no damage.
Terence is moderately wounded.
Your ball python bites Terence. x2; Your ball python constricts Terence.
Your ball python bites Terence but does no damage.
Terence hits you but does no damage.
You hit Terence but do no damage. You headbutt Terence.
Terence is heavily wounded.
Your ball python bites Terence.
Your ball python bites Terence but does no damage.
Your ball python barely misses Terence.
Your ball python constricts Terence.
You hit Terence. You bite Terence, but do no damage.
Terence is severely wounded.
Terence hits you with a falchion.
You die...

.##.#.. .#
...!>......
...%.?....# #
.....##.##.
.........
#..#..#
..####..#..## #
........S...#.##
........S@@....#
........S#.##..#
.#........... .#
#.###...#.### #
# #...### #...#
#...# ....#


You could see Terence and 3 friendly ball pythons.

Vanquished Creatures
  A dart slug (D:1)
  2 giant cockroaches
  4 goblins (D:1)
  4 hobgoblins (D:1)
  8 jackals (D:1)
  6 kobolds (D:1)
  2 bats (D:1)
  2 frilled lizards (D:1)
  A rat (D:1)
30 creatures vanquished.

Notes
Turn   | Place    | Note
-------+----------+-------------------------------------------
     0 | D:1      | sveltemanboy the Vine Stalker Transmuter began the quest for the Orb.
     0 | D:1      | Reached XP level 1. HP: 9/9 MP: 4/4
     9 | D:1      | Reached skill level 1 in Fighting
   192 | D:1      | Reached XP level 2. HP: 14/14 MP: 3/6
   266 | D:1      | Learned a level 2 spell: Sticks to Snakes
   498 | D:1      | Reached XP level 3. HP: 10/18 MP: 4/7
  1005 | D:2      | Noticed Terence
  1025 | D:2      | Slain by Terence

Skill      XL: |  1  2  3 |
---------------+----------+-----
Fighting       | 1 |  1.0
Dodging        | 2 |  2.0
Unarmed Combat | |  3.3
Spellcasting   | |  2.1
Transmutations | |  2.9

Action                   || total
-------------------------++-------
Melee: Unarmed           ||    75
       Bite              ||    14
       Kick              ||     5
       Punch             ||     3
       Headbutt          ||     6
 Cast: Beastly Appendage ||     5
       Sticks to Snakes  ||     4
Armor: Robe              ||     6
Dodge: Dodged            ||    40
